 Dungeon Crawl Stone Soup version 0.29.1-2-gbd0b4ee654 (webtiles) character file.

Game seed: 10962616443298003653

337 Hadkhar the Trooper (level 6, -11/50 HPs)
             Began as a Human Abyssal Knight on Nov 18, 2022.
             Was a Priest of Lugonu.
             Killed by divine providence
             ... invoked by an orc priest
              (13 damage)
             ... on level 4 of the Dungeon.
             The game lasted 00:14:53 (4651 turns).

Hadkhar the Trooper (Human Abyssal Knight)          Turns: 4651, Time: 00:14:54

Health: -11/50     AC:  6    Str: 15    XL:     6   Next: 85%
Magic:  8/8        EV: 10    Int: 11    God:    Lugonu [***...]
Gold:   183        SH:  0    Dex: 13    Spells: 5/5 levels left

rFire   . . .      SeeInvis +   a - +1 mace
rCold   . . .      Faith    .   (no shield)
rNeg    . . .      Spirit   .   d - +0 ring mail
rPois   .          Reflect  .   (no helmet)
rElec   .          Harm     .   (no cloak)
rCorr   .          Rampage  .   m - +0 pair of gloves
Will    .....                   (no boots)
Stlth   +.........              (no amulet)
HPRegen 0.16/turn               n - +4 ring of slaying
MPRegen 0.11/turn               b - ring of see invisible

@: no status effects
A: no striking features
a: Renounce Religion, Depart the Abyss, Bend Space, Banish


You were on level 4 of the Dungeon.
You worshipped Lugonu.
Lugonu was most pleased with you.
You visited 1 branch of the dungeon, and saw 4 of its levels.
You visited the Abyss 1 time.

You collected 183 gold pieces.

Inventory:

Hand Weapons
 a - a +1 mace (weapon)
Missiles
 l - 8 poisoned darts (quivered)
Armour
 d - a +0 ring mail (worn)
 m - a +0 pair of gloves (worn)
Jewellery
 b - a ring of see invisible (right hand)
 n - a +4 ring of slaying (left hand)
Scrolls
 i - 3 scrolls of silence {unknown}
 k - a scroll of teleportation {unknown}
 o - 3 scrolls of identify {unknown}
 q - 2 scrolls of enchant armour {unknown}
 r - a scroll of torment {unknown}
 s - 2 scrolls of vulnerability {unknown}
 w - a scroll of fear {unknown}
Potions
 c - a potion of haste {unknown}
 e - a potion of resistance {unknown}
 f - 3 potions of mutation {unknown}
 g - 2 potions of curing {unknown}
 h - a potion of invisibility {unknown}
 j - a potion of degeneration {unknown}
 p - a potion of might {unknown}
 t - 2 potions of attraction {unknown}
 u - a potion of heal wounds {unknown}
 v - a potion of cancellation {unknown}
 x - a potion of lignification {unknown}


   Skills:
 * Level 4.9 Fighting
 + Level 3.4 Maces & Flails
 + Level 3.4 Armour
 - Level 1.0 Dodging
 + Level 3.7 Invocations


You had 5 spell levels left.
You didn't know any spells.
Your spell library contained the following spells:

 Spells                   Type           Power      Damage    Failure   Level
 Sandblast                Erth           0%         2d4       56%         1
 Ensorcelled Hibernation  Hex/Ice        0%         N/A       71%         2
 Passwall                 Tmut/Erth      0%         N/A       71%         2
 Sublimation of Blood     Necr           0%         N/A       71%         2
 Call Canine Familiar     Summ           0%         N/A       90%         3
 Inner Flame              Hex/Fire       0%         N/A       90%         3
 Portal Projectile        Hex/Tloc       0%         N/A       90%         3
 Stone Arrow              Conj/Erth      0%         3d7       90%         3
 Swiftness                Air            0%         N/A       90%         3
 Cause Fear               Hex            0%         N/A       100%        4
 Leda's Liquefaction      Hex/Erth       0%         N/A       100%        4
 Petrify                  Tmut/Erth      0%         N/A       100%        4
 Blade Hands              Tmut           0%         N/A       100%        5
 Irradiate                Conj/Tmut      0%         3d11      100%        5
 Dragon Form              Tmut           0%         N/A       100%        7
 Discord                  Hex            0%         N/A       100%        8


Dungeon Overview and Level Annotations

Branches:
Dungeon (4/15)
 Temple: D:4-7

Altars:
Ashenzari
Zin


Message History

You hit the orc.
The orc is moderately wounded.
The orc hits you but does no damage.
You sock the orc!
You kill the orc!
Lugonu accepts your kill.
You thump the orc priest!
The orc priest is severely wounded.
The orc priest hits you but does no damage.
You closely miss the orc priest.
The orc priest is severely wounded.
The orc hits you but does no damage.
The orc priest looks encouraged for a moment.
The orc priest closely misses you. The orc closely misses you.
You closely miss the orc priest.
The orc priest is severely wounded.
The orc hits you with a +2 vorpal flail.
The orc priest calls down the wrath of Beogh upon you.
Beogh smites you!
You hit the orc priest.
The orc priest is almost dead.
The orc barely misses you.
The orc priest hits you but does no damage.
You barely miss the orc priest.
The orc priest is almost dead.
The orc hits you with a +2 vorpal flail.
The orc priest invokes the aid of Beogh against you.
Beogh smites you!
* * * LOW HITPOINT WARNING * * *
The orc priest invokes the aid of Beogh against you.
Pain shoots through your body!
* * * LOW HITPOINT WARNING * * *
The orc hits you with a +2 vorpal flail.
* * * LOW HITPOINT WARNING * * *
x2 You closely miss the orc priest.
The orc priest is almost dead.
The orc barely misses you.
The orc priest invokes the aid of Beogh against you.
Beogh smites you!
You die...

>....##.#......?...#
...##......# ......#
...#...#...###.....#
.......#..###...# .#
...#.#....#>...###.#
...#......[.)...?..##
#..##......#†....#$.####
..........##...)........
.........##.....@o...###
##......#####....o......
#####.## ##...#######
### #...# #####


You could see an orc priest and an orc.

Vanquished Creatures
  A phantom (D:4)
  A necrophage (D:4)
  A jelly (D:4)
  4 gnolls (D:2)
  5 adders
  4 worms
  A dart slug (D:3)
  3 orcs (D:4)
  4 bats
  3 endoplasms
  2 giant cockroaches (D:4)
  8 hobgoblins
  11 jackals
  A quokka (D:2)
  6 ball pythons
  2 frilled lizards
  6 goblins
  7 kobolds
  3 rats
73 creatures vanquished.

Notes
Turn   | Place    | Note
-------+----------+-------------------------------------------
     0 | Abyss:1  | Hadkhar the Human Abyssal Knight began the quest for the
                  | Orb.
     0 | Abyss:1  | Reached XP level 1. HP: 18/18 MP: 2/2
     1 | D:1      | Escaped the Abyss
   195 | D:1      | Reached XP level 2. HP: 17/24 MP: 3/3
   777 | D:1      | Reached XP level 3. HP: 28/29 MP: 4/4
   920 | D:1      | Found a faded altar of an unknown god.
  1976 | D:2      | Reached XP level 4. HP: 18/35 MP: 5/5
  1980 | D:2      | Reached *** piety under Lugonu
  2262 | D:2      | Reached XP level 5. HP: 25/42 MP: 7/7
  2715 | D:3      | Found a broken altar of Ashenzari.
  2925 | D:3      | Reached skill level 4 in Fighting
  2989 | D:3      | Found a glowing silver altar of Zin.
  3827 | D:4      | Reached XP level 6. HP: 39/49 MP: 8/8
  4650 | D:4      | HP: 2/50 [orc/+2 vorpal flail (1)]
  4651 | D:4      | Killed from afar by an orc priest

Illustrated notes

Levels and vault maps discovered:
D:1:      mrwooster_arrival_arrow, layout_loops_cross,
          shapermc_ecumenical_altar_notcrosses
D:2:      layout_loops_ring, kennysheep_big_empty_room, serial_bayou_pond_d,
          minmay_increasing_density
D:3:      layout_loops_corners, lemuel_tele_altar, nicolae_ashenzari_panopticon,
          dk_vineyard_1
D:4:      layout_cave_pools, lemuel_zombie_altar_yredelemnul,
          minmay_hollow_rounded_squares

Skill      XL: |  1  2  3  4  5 |
---------------+----------------+-----
Invocations    | 3 |  3.7
Fighting       | 4 |  4.9
Maces & Flails | 3 |  3.4
Armour         | 3 |  3.4
Dodging        | |  1.0

Action                   |  1- 3 |  4- 6 || total
-------------------------+-------+-------++-------
Melee: Mace              |    73 |   123 ||   196
       Punch             |       |     1 ||     1
Throw: Dart              |     2 |       ||     2
Armor: Ring mail         |    38 |    43 ||    81
       Leather armour    |     1 |       ||     1
Dodge: Dodged            |    52 |    72 ||   124
